 Dungeon Crawl Stone Soup version 0.29.1-4-g47bece8355 (webtiles) character file.

Game seed: 5658319107546720652

57 GigaChad the Slasher (level 4, -5/34 HPs)
             Began as a Djinni Gladiator on Dec 9, 2022.
             Slain by a gnoll
             ... wielding a +0 flail
              (10 damage)
             ... on level 3 of the Dungeon.
             The game lasted 00:02:04 (2536 turns).

GigaChad the Slasher (Djinni Gladiator)             Turns: 2536, Time: 00:02:04

Health: -5/34      AC:  4    Str: 15    XL:     4   Next: 18%
Gold:   122        EV: 12    Int: 10    God:
                   SH:  0    Dex: 14

rFire   + + .      SeeInvis .   a - +0 long sword
rCold   x . .      Faith    .   (no shield)
rNeg    . . .      Spirit   .   b - +0 leather armour
rPois   ∞          Reflect  .   c - +0 helmet
rElec   .          Harm     .   (no cloak)
rCorr   .          Rampage  .   (no gloves)
Will    .....                   (boots unavailable)
Stlth   +.........              (no amulet)
HPRegen 0.11/turn               (no ring)
MPRegen 0.00/turn               (no ring)

@: flying
A: sickness immunity, fire resistance 2, cold vulnerability 1, float, innate
caster, HP casting, extra vitality 1
a: no special abilities


You were on level 3 of the Dungeon.
You visited 1 branch of the dungeon, and saw 3 of its levels.

You collected 122 gold pieces.

Inventory:

Hand Weapons
 a - a +0 long sword (weapon)
Missiles
 d - 3 throwing nets (quivered)
 e - a javelin
Armour
 b - a +0 leather armour (worn)
 c - a +0 helmet (worn)
Scrolls
 f - 2 scrolls of teleportation {unknown}
 g - a scroll of noise {unknown}
 j - a scroll of butterflies {unknown}
 l - a scroll of vulnerability {unknown}
 n - a scroll of poison {unknown}
 o - a scroll of magic mapping {unknown}
 p - 3 scrolls of identify {unknown}
Potions
 h - 2 potions of cancellation {unknown}
 i - a potion of invisibility {unknown}
 k - 2 potions of attraction {unknown}
 m - a potion of curing {unknown}
 q - a potion of degeneration {unknown}


   Skills:
 + Level 2.3 Fighting
 + Level 3.8 Long Blades
 + Level 1.5 Throwing
 + Level 0.6 Armour
 + Level 3.5 Dodging


You had 2 spell levels left.
You knew the following spells:

 Your Spells              Type           Power      Damage    Failure   Level
a - Freeze                Ice            0%         1d3       43%         1
Your spell library was empty.

Dungeon Overview and Level Annotations

Branches:
Dungeon (3/15)

Altars:
Ashenzari


Innate Abilities, Weirdness & Mutations

You are immune to sickness and miasma.
You are immune to poison.
Your flesh is very heat resistant. (rF++)
You are vulnerable to cold. (rC-)
You float through the air rather than walking.
You learn spells naturally, not from books.
Your magical power is your life essence.
You have superior vitality. (+4 MHP)


Message History

An orc comes into view. It is wielding a +0 short sword.
The orc attacks as you move away! The orc closely misses you.
You barely miss the orc. The orc closely misses you.
You closely miss the orc. The orc hits you with a +0 mace.
You closely miss the orc. The orc closely misses you.
You barely miss the orc. The orc barely misses you.
You barely miss the orc. The orc barely misses you.
You barely miss the orc. The orc hits you with a +0 club.
You slash the orc!
You kill the orc!
You hit the orc.
The orc is heavily wounded.
The orc closely misses you.
You closely miss the orc.
The orc is heavily wounded.
The orc hits you with a +0 mace.
You barely miss the orc.
The orc is heavily wounded.
The orc hits you with a +0 mace. The orc barely misses you.
You hit the orc.
You kill the orc!
You hit the gnoll.
The gnoll is heavily wounded.
The gnoll hits you with a +0 flail.
The orc wizard casts a spell.
The orc wizard flickers and vanishes!
Deactivating autopickup; reactivate with Ctrl-A.
The orc priest looks braver for a moment.
You hit the gnoll.
The gnoll is almost dead.
The gnoll hits you with a +0 flail!
* * * LOW HITPOINT WARNING * * *
You hit the gnoll.
The gnoll is almost dead.
The gnoll hits you with a +0 flail.
* * * LOW HITPOINT WARNING * * *
You hit the gnoll but do no damage.
The gnoll is almost dead.
The gnoll hits you with a +0 flail!
You die...

....
.#o.#
...go. ..
#.#..o###
###.
....o.o{#
...
....###o#
..# # #o#
..# #g#
..# #@#
..####
#.#
.....#
#.#
..##.#
#.#
####.#
#.# #.#
#.# #.#
#.# # #.#
#.# # #.#
#.#


You could see an orc priest, a gnoll and 2 orcs.

Vanquished Creatures
  A worm (D:2)
  3 dart slugs (D:1)
  2 orcs (D:3)
  3 ball pythons
  7 endoplasms
  2 giant cockroaches
  3 goblins
  5 hobgoblins
  4 kobolds
  A quokka (D:1)
  2 bats (D:1)
  5 frilled lizards
  4 rats
  A spectral hobgoblin (D:2)
43 creatures vanquished.

Notes
Turn   | Place    | Note
-------+----------+-------------------------------------------
     0 | D:1      | GigaChad the Djinni Gladiator began the quest for the Orb.
     0 | D:1      | Reached XP level 1. HP: 18/18 MP: 0/0
   214 | D:1      | Reached XP level 2. HP: 3/23 MP: 0/0
   764 | D:1      | Reached XP level 3. HP: 28/28 MP: 0/0
   764 | D:1      | Learned a level 1 spell: Freeze
  2224 | D:2      | Found a faded altar of an unknown god.
  2229 | D:2      | Reached XP level 4. HP: 33/33 MP: 0/0
  2447 | D:3      | Found a broken altar of Ashenzari.
  2536 | D:3      | Slain by a gnoll

Illustrated notes

Levels and vault maps discovered:
D:1:      dpeg_arrival_shrine, layout_basic, st_stairs_4, minmay_tetromino_o2
D:2:      layout_loops_ring, dreamdust_ecumenical_altar_drowned_temple,
          dreamdust_princess_bridge
D:3:      layout_loops_ring, tgw_trog, mainiacjoe_overflow_cross_hatched,
          nicolae_vehumet_radiance

Skill      XL: |  1  2 |
---------------+-------+-----
Long Blades    | 3 |  3.8
Fighting       | |  2.3
Throwing       | |  1.5
Armour         | |  0.6
Dodging        | |  3.5

Action                   |  1- 3 |  4- 6 || total
-------------------------+-------+-------++-------
Melee: Long sword        |    87 |    27 ||   114
       Punch             |     1 |       ||     1
 Stab: Sleeping          |     1 |       ||     1
Armor: Leather armour    |    37 |     7 ||    44
Dodge: Dodged            |    84 |    13 ||    97
